 Dungeon Crawl Stone Soup version 0.30.1-4-g462c640d31 (webtiles) character file.

Game seed: 2007792002063761814

66 growler the Trooper (level 3, -1/30 HPs)
             Began as a Demonspawn Gladiator on Aug 15, 2023.
             Slain by a gnoll
             ... wielding a +0 spear
              (5 damage)
             ... on level 2 of the Dungeon.
             The game lasted 00:02:47 (1127 turns).

growler the Trooper (Demonspawn Gladiator)          Turns: 1127, Time: 00:02:47

Health: -1/30      AC:  4    Str: 14    XL:     3   Next: 96%
Magic:  3/3        EV: 12    Int: 11    God:
Gold:   41         SH:  0    Dex: 16    Spells: 2/2 levels left

rFire   . . .        a - +0 war axe
rCold   . . .        (no shield)
rNeg    . . .        b - +0 leather armour
rPois   .            c - +0 helmet
rElec   .            (no cloak)
rCorr   .            (no gloves)
SInv    .            (no boots)
Will    .....        (no amulet)
Stlth   ++           (no ring)
HPRegen 0.25/turn    (no ring)
MPRegen 0.08/turn

%: no passive effects
@: no status effects
A: thin skeletal structure 1
a: no special abilities


You were on level 2 of the Dungeon.
You visited 1 branch of the dungeon, and saw 2 of its levels.

You collected 41 gold pieces.

Inventory:

Hand Weapons
 a - a +0 war axe (weapon)
Missiles
 d - 3 throwing nets (quivered)
 e - a javelin
Armour
 b - a +0 leather armour (worn)
 c - a +0 helmet (worn)
Jewellery
 f - a ring of see invisible
 h - a +6 ring of strength
Scrolls
 g - 3 scrolls of identify {unknown}
 i - 3 scrolls of noise {unknown}
Potions
 j - a potion of brilliance {unknown}


   Skills:
 + Level 4.1 Fighting
 - Level 2.7 Axes
 - Level 1.8 Throwing
 - Level 2.7 Dodging


You had 2 spell levels left.
You didn't know any spells.
Your spell library was empty.

Dungeon Overview and Level Annotations

Branches:
Dungeon (2/15)

Altars:


Innate Abilities, Weirdness & Mutations

You have a somewhat thin skeletal structure. (Dex +2, Stealth+)


Message History

You are too injured to fight recklessly!
A ball python comes into view.
There is a stone staircase leading up here.
You can't go down here!
The gnoll hits you from afar with a +0 halberd.
You climb upwards.
There is a stone staircase leading down here.
You start resting.
HP restored.
You climb downwards.
The ball python bites you but does no damage.
The ball python grabs you. The ball python constricts you.
There is a stone staircase leading up here.
You barely miss the ball python.
The ball python bites you but does no damage.
The ball python constricts you.
The gnoll hits you from afar with a +0 spear.
The ball python closely misses you. The ball python constricts you.
The gnoll barely misses you.
You hit the ball python.
The ball python is severely wounded.
The ball python bites you but does no damage.
The ball python constricts you. The gnoll closely misses you.
The ball python closely misses you. The ball python constricts you.
You slash the ball python!
You kill the ball python!
The gnoll barely misses you.
You see here a ball python corpse.
The gnoll closely misses you. The gnoll barely misses you.
You closely miss the gnoll. You punch the gnoll.
The gnoll is moderately wounded.
The gnoll hits you with a +0 spear. The gnoll barely misses you.
The gnoll hits you with a +0 spear.
The gnoll hits you from afar with a +0 halberd!
You slash the gnoll!
The gnoll is almost dead.
The gnoll hits you from afar with a +0 halberd!
* * * LOW HITPOINT WARNING * * *
The gnoll hits you with a +0 spear.
You die...

#.......#####.#
#.)...........#
#.>...........###
#...............
#.............#
###...........####
#^.g...........
#............#
##...@g......#
###...†....#.###
###......<.......#
#................#
#................#
#.............####
#.............#
#####.......÷##
##......##


You could see 2 gnolls.

Vanquished Creatures
  2 gnolls
  An adder (D:2)
  3 endoplasms (D:1)
  2 giant cockroaches (D:1)
  4 goblins
  4 hobgoblins (D:1)
  3 jackals (D:2)
  3 quokkas (D:2)
  5 ball pythons
  2 bats (D:2)
  A frilled lizard (D:2)
  4 rats (D:1)
34 creatures vanquished.

Notes
Turn   | Place    | Note
-------+----------+-------------------------------------------
     0 | D:1      | growler the Demonspawn Gladiator began the quest for the
                  | Orb.
     0 | D:1      | Reached XP level 1. HP: 16/16 MP: 1/1
   143 | D:1      | Gained mutation: You have a somewhat thin skeletal
                  | structure. (Dex +2, Stealth+) [demonic ancestry]
   143 | D:1      | Reached XP level 2. HP: 23/23 MP: 2/2
   346 | D:1      | Found a faded altar of an unknown god.
   580 | D:1      | Reached skill level 3 in Fighting
   847 | D:1      | Reached XP level 3. HP: 17/29 MP: 3/3
  1024 | D:2      | Reached skill level 4 in Fighting
  1127 | D:2      | Slain by a gnoll

Illustrated notes

Levels and vault maps discovered:
D:1:      psy_arrival_whirlpool, layout_loops_ring,
          ebering_ecumenical_altar_box, serial_rivers,
          chequers_serial_rivers_micro_b, chequers_serial_rivers_small_3,
          chequers_serial_rivers_small_3, chequers_serial_rivers_micro_c,
          chequers_serial_rivers_micro_c, bh_walls_and_bars
D:2:      layout_rooms, basic_altar, minmay_hedge_maze

Skill      XL: |  1  2  3 |
---------------+----------+-----
Fighting       | 3 4 |  4.1
Axes           | |  2.7
Throwing       | |  1.8
Dodging        | |  2.7

Action                     || total
---------------------------++-------
  Melee: War axe           ||    76
         Punch             ||     1
   Stab: Sleeping          ||     2
 Armour: Leather armour    ||    29
  Dodge: Dodged            ||    70
